 Dungeon Sprint DCSS version 0.20-a0-1050-g57248f3 (webtiles) character file.

431 Denreik the Warrior (level 7, 0/76 HPs)
             Began as a Formicid Chaos Knight on Apr 25, 2017.
             Slain by a slime creature (11 damage)
             ... in the Dungeon (Sprint I: "Red Sonja").
             The game lasted 00:02:10 (607 turns).

Denreik the Warrior (Formicid Chaos Knight)          Turns: 607, Time: 00:02:11

Health: 0/76       AC:  5    Str: 19    XL:     7   Next: 19%
Magic:  7/7        EV: 11    Int: 11    God:    Xom [...*..]
Gold:   351        SH:  0    Dex: 10    Spells: 6/6 levels left

rFire    . . .     SeeInvis +   m - +0 scythe
rCold    . . .     Gourm    .   (no shield)
rNeg     . . .     Faith    .   b - +2 leather armour
rPois    .         Spirit   .   (helmet unavailable)
rElec    .         Reflect  .   (no cloak)
rCorr    .         Harm     .   (no gloves)
MR       .....                  (no boots)
Stlth    +.........             (no amulet)
Regen    0.3/turn               (no ring)
MPRegen  0.1/turn               (no ring)

@: no status effects
A: permanent stasis, dig shafts and tunnels, four strong arms, antennae 3
a: Dig, Renounce Religion


You were in the Dungeon.
You worshipped Xom.
You were a favourite toy of Xom.
You were not hungry.

You visited 1 branch You collected 351 gold pieces.

Inventory:

Hand Weapons
 a - a +0 spear of chaos
 m - a +0 scythe (weapon)
Missiles
 l - 12 stones (quivered)
Armour
 b - a +2 leather armour (worn)
Wands
 j - a wand of polymorph (20/24)
Scrolls
 i - a scroll of blinking
Potions
 d - 2 potions of curing
 e - a potion of heal wounds
 f - a potion of haste
 g - 2 potions of magic
 h - a potion of berserk rage
 k - a potion of degeneration {unknown}
Comestibles
 c - 2 bread rations


   Skills:
 * Level 15.1 Fighting
 - Level 3.0 Polearms
 - Level 2.1 Armour
 - Level 0.8 Dodging


You had 6 spell levels left.
You didn't know any spells.

Dungeon Overview and Level Annotations

Branches:
Dungeon (1/1)

Altars:
Cheibriados
Dithmenos
Elyvilon
Fedhas
Gozag
Hepliaklqana
Kikubaaqudgha
Makhleb
Nemelex Xobeh
Okawaru
Qazlal
Ru
Sif Muna
Trog
Uskayaw
Vehumet
Wu Jian
Xom
Yredelemnul
Zin
The Shining One
Jiyva
Lugonu

Shops:
D }


Innate Abilities, Weirdness & Mutations

You cannot be hasted, slowed, berserked, paralysed or teleported.
You can dig through walls and to a lower floor.
Your four strong arms can wield two-handed weapons with a shield.
You have a pair of large antennae on your head. (SInv)


Message History

The slime creature is almost dead.
The slime creature hits you.
* * * LOW HITPOINT WARNING * * *
Attack whom?
Press: ? - help, Dir - move target cursor, f/p - slime creature
Aim: a slime creature (severely wounded)
You hit the slime creature but do no damage.
The slime creature is severely wounded.
The slime creature barely misses you.
The slime creature hits you but does no damage.
Attack whom?
Press: ? - help, Dir - move target cursor, f/p - slime creature
Aim: a slime creature (severely wounded)
You slash the slime creature!
The slime creature is almost dead.
The slime creature hits you!
* * * LOW HITPOINT WARNING * * *
The slime creature hits you!
You die... "What!?
That's it?"

################ ##
#<.#[.)..#..'..#__#
,
#..)..#..'..#.@J..+
#..#####'#.###+#__#
*
#..####..#...#.#*##
#..#__####..##.#≈ ≈
{ #..#_____##'#_.+≈
#⌠⌠#_.∩...'..._#≈≈
{ #.##_..__##_.#+#
* #..#_____###+#, ,
########## *,****


You could see a slime creature.

Vanquished Creatures
  Sigmund (D)
  A yak (D)
  An ogre (D)
  A jelly (D)
  Ijyb (D)
5 creatures vanquished.

Vanquished Creatures (others)
  A gargoyle (D)
1 creature vanquished.

Grand Total: 6 creatures vanquished

Notes
Turn   | Place    | Note
-------+----------+-------------------------------------------
     0 | D        | Denreik the Formicid Chaos Knight began the quest for the Orb.
     0 | D        | Reached XP level 1. HP: 18/18 MP: 1/1
     1 | D        | Noticed Ijyb
     5 | D        | Killed Ijyb
     5 | D        | Reached skill level 6 in Fighting
     5 | D        | Reached XP level 2. HP: 29/29 MP: 2/2
     5 | D        | Reached XP level 3. HP: 35/35 MP: 3/3
    12 | D        | Noticed an ogre
    20 | D        | Killed an ogre
    20 | D        | Reached skill level 10 in Fighting
    20 | D        | Reached XP level 4. HP: 11/48 MP: 4/4
    20 | D        | Reached XP level 5. HP: 12/54 MP: 5/5
   253 | D        | XOM: divination: magic mapping
   264 | D        | Noticed Sigmund
   271 | D        | XOM: blink monster(s)
   275 | D        | XOM: god gift: 12 stones
   278 | D        | Killed Sigmund
   278 | D        | Reached skill level 13 in Fighting
   278 | D        | Reached XP level 6. HP: 56/66 MP: 6/6
   365 | D        | Found a radiant altar of Vehumet.
   368 | D        | Found a deep blue altar of Sif Muna.
   369 | D        | Found Guthrum's Gadget Emporium.
   369 | D        | Found an ancient bone altar of Kikubaaqudgha.
   369 | D        | Found a hazy altar of Hepliaklqana.
   369 | D        | Found a hide-covered altar of Uskayaw.
   369 | D        | Found a basalt altar of Yredelemnul.
   369 | D        | Found an opulent altar of Gozag.
   369 | D        | Found a snail-covered altar of Cheibriados.
   369 | D        | Found a sacrificial altar of Ru.
   369 | D        | Found a shadowy altar of Dithmenos.
   369 | D        | Noticed a yak
   375 | D        | Killed a yak
   375 | D        | Reached skill level 15 in Fighting
   375 | D        | Reached XP level 7. HP: 26/76 MP: 7/7
   376 | D        | Found a stormy altar of Qazlal.
   376 | D        | Found an ornate altar of the Wu Jian Council.
   376 | D        | Found a blossoming altar of Fedhas.
   376 | D        | Found a bloodstained altar of Trog.
   376 | D        | Found an iron altar of Okawaru.
   376 | D        | Found a glowing golden altar of the Shining One.
   376 | D        | Found a glowing silver altar of Zin.
   376 | D        | Found a white marble altar of Elyvilon.
   377 | D        | Found a sparkling altar of Nemelex Xobeh.
   412 | D        | Found a burning altar of Makhleb.
   412 | D        | Found a viscous altar of Jiyva.
   412 | D        | Found a shimmering altar of Xom.
   412 | D        | Found a corrupted altar of Lugonu.
   412 | D        | XOM: scenery: 2 doors open, 1 doors close
   413 | D        | Noticed a slime creature
   561 | D        | Killed a gargoyle
   607 | D        | Slain by a slime creature

Vault maps used:
D:        dungeon_sprint_1

Skill      XL: |  1  2  3  4  5  6 |
---------------+-------------------+-----
Fighting       | 6 10 13 15 | 15.1
Polearms       | |  3.0
Armour         | |  2.1
Dodging        | |  0.8

Action                   |  1- 3 |  4- 6 |  7- 9 || total
-------------------------+-------+-------+-------++-------
Melee: Spear             |    12 |    11 |       ||    23
       Scythe            |       |     8 |     8 ||    16
 Abil: Dig               |       |     2 |       ||     2
 Stab: Paralysed         |     1 |       |       ||     1
Armor: Leather armour    |       |     3 |     2 ||     5
Dodge: Dodged            |     2 |     8 |     5 ||    15
